AoeStats
← Don kabron

Fortress

509517300Analyzed
2v2 RM · 4d ago on Sep 27, 2026· 52m 27s· 4 players
Game mode
Random Map
Map size
Normal (6 player)
Population
200
Speed
Normal
Resources
Standard
Victory
Conquest
Starting age
Dark Age
Ending age
Imperial Age
RankedLock teamsTeams togetherTeam positionsShared explorationLock speedFull tech treeHidden civsTurbo modeCheats
Victory
Defeat
🇺🇸 Dravidians · United States
1434
+17
🇺🇸 Varangians · United States
1424
+17
🇲🇽 Poles · Mexico
1470
-17
🇲🇽 Turks · Mexico
1443
-17
Dromophobia
6:55 Feudal Age
10:58 Castle Age
9:08 Horse Collar
9:27 Double-Bit Axe
11:49 Bow Saw
11:55 Heavy Plow
17:48 Loom
19:44 Gold Mining
20:18 Bloodlines
21:37 Forging
23:12 Town Watch
27:52 Imperial Age
26:32 Wheelbarrow
27:24 Husbandry
28:00 Iron Casting
27:31 Scale Barding Armor
28:59 Conscription
29:43 Blast Furnace
28:34 Gothikon
30:01 Elite Jarl
30:13 Light Cavalry
30:49 Cavalier
33:18 Chain Barding Armor
32:55 Vendel Legacy
34:50 Plate Barding Armor
36:05 Crop Rotation
36:43 Two-Man Saw
36:07 Guilds
35:58 Caravan
36:11 Fletching
37:51 Hand Cart
37:31 Hussar
38:19 Stone Mining
38:37 Town Patrol
39:02 Ballistics
38:53 Masonry
38:41 Bodkin Arrow
39:50 Bracer
40:54 Chemistry
44:16 Siege Engineers
44:41 Architecture
Andraste
1:53 Loom
7:48 Feudal Age
8:48 Double-Bit Axe
11:39 Castle Age
10:17 Horse Collar
10:36 Fletching
13:50 Bow Saw
13:55 Loom
15:39 Town Watch
19:04 Bodkin Arrow
19:11 Padded Archer Armor
20:52 Wheelbarrow
22:15 Medical Corps
24:00 Ballistics
23:51 Thumb Ring
25:06 Leather Archer Armor
26:15 Hand Cart
32:31 Imperial Age
30:17 Herbal Medicine
30:31 Gold Mining
33:15 Bracer
32:45 Elite Elephant Archer
34:35 Chemistry
35:34 Caravan
37:48 Ring Archer Armor
37:23 Siege Elephant
39:58 Conscription
40:27 Town Patrol
41:01 Masonry
41:59 Fortified Wall
47:18 Hoardings
47:52 Two-Man Saw
46:54 Heavy Plow
52:02 Husbandry
jgonzalezs1507
7:38 Feudal Age
6:32 Loom
11:36 Castle Age
9:23 Loom
9:35 Double-Bit Axe
9:43 Horse Collar
10:23 Padded Archer Armor
14:58 Loom
18:32 Imperial Age
16:34 Bow Saw
19:35 Leather Archer Armor
19:59 Gold Mining
21:01 Conscription
25:10 Ring Archer Armor
29:48 Two-Man Saw
38:42 Heavy Plow
39:06 Scale Barding Armor
42:41 Chain Barding Armor
Don kabron
6:14 Loom
8:41 Feudal Age
13:12 Castle Age
11:20 Double-Bit Axe
11:18 Horse Collar
12:35 Wheelbarrow
15:48 Bow Saw
21:15 Imperial Age
19:27 Scale Barding Armor
22:20 Imperial Age
19:59 Szlachta Privileges
20:44 Bloodlines
22:37 Cavalier
23:19 Scale Mail Armor
23:27 Scale Barding Armor
24:59 Chain Barding Armor
26:12 Forging
27:39 Iron Casting
28:22 Husbandry
29:13 Conscription
28:55 Scale Mail Armor
30:14 Chain Mail Armor
31:06 Hand Cart
33:36 Blast Furnace
43:52 Plate Mail Armor
43:05 Pikeman
43:46 Squires
47:34 Heavy Plow
48:50 Fletching
Connection lost

Rejoining the realm…

Still unreachable

The connection could not be restored.

Session expired

The server has moved on; the page needs a fresh start.